[Event "Championnat du monde jeunes U12F"]
[Date "2024.11.26"]
[White "Abylaykyzy, Bibisara"]
[Black "Bohatyrova, Mariia"]
[WhiteElo "1694"]
[BlackElo "1722"]
[Round "11.24"]
[Result "1-0"]
[TimeControl "5400+30"]

1. e4 c5 2. Nf3 d6 3. d4 cxd4 4. Nxd4 Nf6 5. Nc3 g6 6. Be3 Nc6 7. f3 h5 8. Bc4 Nxd4 9. Bxd4 a6 10. O-O Bh6 11. Qd3 e5 12. Bf2 Be6 13. Rad1 Ke7 14. Nd5+ Nxd5 15. Bxd5 Bxd5 16. Qxd5 Qc7 17. Rd3 Qc6 18. Rfd1 Rhd8 19. c4 Qxd5 20. Rxd5 Ke6 21. g3 f5 22. Bc5 Bf8 23. Ba3 Be7 24. R1d3 Rac8 25. b3 b6 26. Kf2 Rc6 27. Ke3 h4 28. f4 exf4+ 29. gxf4 fxe4 30. Kxe4 Rf8 31. Rd1 a5 32. Rb5 a4 33. Rg1 Rg8 34. Bb2 axb3 35. axb3 Kd7 36. Bd4 Kc7 37. Kd5 g5 38. f5 Rf8 39. Ke6 Bd8 40. Rd5 Re8+ 41. Kf7 Re7+ 42. Kf8 Re2 43. f6 Rxh2 44. f7 Kb7 45. Kg8 Be7 46. Re1 Rc8+ 47. Kg7 Bf8+ 48. Kf6 Rh3 49. Re8 Rf3+ 50. Kg6 g4 51. Rh5 h3 52. Rh8 h2 53. Rxh2 Rh3 54. Rhe2 Rf3 55. Bg7 Bxg7 56. Kxg7 g3 57. Rxc8 Kxc8 58. f8=Q+ Rxf8 59. Kxf8 b5 60. cxb5 Kc7 61. Rg2 Kb6 62. Rxg3 Kxb5 63. Ke7 d5 64. Ke6 1-0

[Variant "Standard"]
[Site "Europe Echecs"]

[Event "Championnat du monde jeunes U12F"]
[Date "2024.11.26"]
[White "Wang, Tianmu"]
[Black "Xia, Miaoyan"]
[WhiteElo "1640"]
[BlackElo "1711"]
[Round "11.25"]
[Result "1-0"]
[TimeControl "5400+30"]

1. e4 e5 2. Nf3 Nc6 3. Bc4 Nf6 4. Ng5 d5 5. exd5 Na5 6. Bb5+ c6 7. dxc6 bxc6 8. Bd3 Nd5 9. Nf3 Nf4 10. O-O Bd6 11. Re1 O-O 12. Nc3 Bg4 13. Be2 f5 14. d3 Nxe2+ 15. Qxe2 Qe7 16. Qe3 Rae8 17. h3 Bxf3 18. Qxf3 e4 19. dxe4 fxe4 20. Qe2 Qe5 21. g3 Qf5 22. h4 Nb7 23. Be3 a5 24. Qc4+ Kh8 25. Qxc6 Bc5 26. Qd5 Re5 27. Qd2 Re6 28. Bxc5 Nxc5 29. Qe3 Qe5 30. Rad1 Rc6 31. Rd5 Qe7 32. Qd4 h6 33. Re5 Qf6 34. Rd5 Qe7 35. Nxe4 Nxe4 36. Rxe4 Qf6 37. Qxf6 Rcxf6 38. Re2 Rb6 39. b3 Ra8 40. c4 a4 41. Re3 axb3 42. axb3 Ra3 43. Rdd3 Ra2 44. c5 Rc6 45. b4 Kg8 46. Rc3 Rb2 47. Rb3 Rd2 48. Rec3 Rf6 49. Rf3 Rc6 50. Kf1 Rd8 51. Rfc3 Rd5 52. Ke2 Kf7 53. Rd3 Ke6 54. Rxd5 Kxd5 55. Kd3 Rf6 56. f4 Rg6 57. Kc2 Kc6 58. Rc3 Re6 59. Kb3 Re7 60. Rd3 Kb5 61. Ka3 Ra7+ 62. Kb3 Re7 63. Rc3 Kc6 64. Ka4 Ra7+ 65. Kb3 Re7 66. Kc2 Re4 67. b5+ Kxb5 68. c6 Re8 69. c7 Rc8 70. Kd3 Kb6 71. Ke4 Kb7 72. Kf5 g5 73. fxg5 hxg5 74. hxg5 Rf8+ 75. Kg4 Kc8 76. g6 Rg8 77. Kg5 Rf8 78. g7 Rg8 79. Kg6 1-0

[Variant "Standard"]
[Site "Europe Echecs"]

[Event "Championnat du monde jeunes U12F"]
[Date "2024.11.26"]
[White "Tursunalieva, Nurelina"]
[Black "Liang, Candice"]
[WhiteElo "1701"]
[BlackElo "1551"]
[Round "11.26"]
[Result "1/2-1/2"]
[TimeControl "5400+30"]

1. e4 c5 2. d4 cxd4 3. c3 dxc3 4. Nxc3 Nc6 5. Bc4 g6 6. Nf3 d6 7. e5 Bg7 8. exd6 Qxd6 9. Qxd6 exd6 10. O-O Nge7 11. Nb5 O-O 12. Nxd6 Ne5 13. Bb3 Nxf3+ 14. gxf3 Nf5 15. Bf4 Nxd6 16. Bxd6 Rd8 17. Rad1 Bxb2 18. Rfe1 Bf6 19. Be7 Rxd1 20. Bxd1 Bxe7 21. Rxe7 Be6 22.
Bb3 Bxb3 23. axb3 b5 24. Rb7 a6 25. Rb6 Kf8 26. Kf1 Ra7 27. Ke2 Re7+ 28. Kd2 Re6 29. Rb8+ Ke7 30. Rb7+ Kf6 31. Kd3 Rc6 32. Kd2 h5 33. h4 Ke6 34. Kd3 f6 35. Ke4 Rc3 36. Rb6+ Ke7 37. Rxa6 Rxb3 38. Rb6 Rb4+ 39. Ke3 Rb1 40. Ke4 b4 41. Rb7+ Kf8 42. Kd5 b3 43. Ke6 Rc1 44. Kxf6 Rc6+ 45. Kg5 Rc3 46. f4 Rf3 1/2-1/2

[Variant "Standard"]
[Site "Europe Echecs"]

[Event "Championnat du monde jeunes U12F"]
[Date "2024.11.26"]
[White "Chovanec, Alice"]
[Black "Zavivaeva, Angelina"]
[WhiteElo "1694"]
[BlackElo "1499"]
[Round "11.27"]
[Result "1-0"]
[TimeControl "5400+30"]

1. d4 d5 2. c4 c6 3. Nc3 Nf6 4. e3 e6 5. Nf3 Bd6 6. Bd3 dxc4 7. Bxc4 b5 8. Bd3 Nbd7 9. O-O Bb7 10. e4 e5 11. dxe5 Nxe5 12. Nxe5 Bxe5 13. f4 Bd4+ 14. Kh1 Qd7 15. e5 Nd5 16. Ne4 O-O 17. Ng5 h6 18. Bh7+ Kh8 19. Qxd4 hxg5 20. Bc2 gxf4 21. Rxf4 Rfd8 22. Rh4+ Kg8 23. Bg5 f6 24. exf6 Kf7 25. fxg7 Ne7 26. Qf6+ 1-0

[Variant "Standard"]
[Site "Europe Echecs"]

[Event "Championnat du monde jeunes U12F"]
[Date "2024.11.26"]
[White "Liu, Jingyu"]
[Black "Tu, Audrey"]
[WhiteElo "1680"]
[BlackElo "1765"]
[Round "11.28"]
[Result "0-1"]
[TimeControl "5400+30"]

1. d4 Nf6 2. c4 e6 3. Nc3 Bb4 4. e3 b6 5. Bd3 Bb7 6. Nf3 Ne4 7. Qc2 f5 8. a3 Bxc3+ 9. bxc3 O-O 10. O-O c5 11. Nd2 Nxd2 12. Bxd2 Qg5 13. e4 f4 14. f3 Nc6 15. Qb2 d6 16. Kh1 Qh5 17. Be1 e5 18. d5 Ne7 19. Qf2 Ng6 20. Ra2 Bc8 21. Rb2 Bd7 22. Bc2 Rfb8 23. Bd2 Rb7 24. Rfb1 Rab8 25. Bd3 Kf7 26. Kg1 Ke7 27. h3 h6 28. Kf1 Nh4 29. Ke2 a6 30. g4 fxg3 31. Qxg3 Rf8 32. Rf1 Ng6 33. Rh1 Kd8 34. Rbb1 Bc8 35. Be3 Rbf7 36. Rxb6 Nh4 37. Rxd6+ Ke8 38. Bf2 Rxf3 39. Qxg7 Rxf2+ 40. Ke1 Ng2+ 0-1

[Variant "Standard"]
[Site "Europe Echecs"]

[Event "Championnat du monde jeunes U12F"]
[Date "2024.11.26"]
[White "Lukin, Yesenia"]
[Black "Hrckova, Anna"]
[WhiteElo "1732"]
[BlackElo "1441"]
[Round "11.29"]
[Result "1-0"]
[TimeControl "5400+30"]

1. d4 d5 2. Bf4 c5 3. e3 Nc6 4. c3 Nf6 5. Bd3 Qb6 6. Qc1 g6 7. Nd2 c4 8. Bc2 Qa6 9. Ngf3 Bg7 10. h3 O-O 11. O-O Re8 12. Re1 Nh5 13. Bh2 f5 14. Ne5 Nf6 15. f4 Nd7 16. Ndf3 Ndxe5 17. Nxe5 Nxe5 18. fxe5 Bd7 19. Bf4 b5 20. Kh2 e6 21. Rf1 Qb7 22. a3 a5 23. Qd2 a4 24. Qf2 h6 25. h4 Kh7 26. Rh1 Rh8 27. Kg1 Kg8 28. Qf3 Rc8 29. g4 Re8 30. gxf5 exf5 31. Kf2 Re6 32. Rag1 Be8 33. Qg2 Qd7 34. h5 Ra6 35. hxg6 Rxg6 36. Qh3 Rxg1 37. Rxg1 h5 38. Qxf5 Qxf5 39. Bxf5 Bc6 40. Bg5 Kf7 41. e6+ Ke8 42. Bg6+ Kf8 43. e7+ Kg8 44. e8=Q+ Bxe8 45. Bxe8 Kh7 46. Rh1 Rxe8 47. Bf4 Kg6 48. Rg1+ Kf5 49. Rxg7 h4 50. Rh7 Kg4 51. Rg7+ Kh3 52. Rg1 Rf8 53. Kf3 Rxf4+ 54.
exf4 Kh2 55. Rg4 h3 56. Rh4 b4 57. axb4 a3 58. bxa3 Kh1 59. Rxh3+ Kg1 60. Rg3+ Kh2 61. f5 Kh1 62. f6 Kh2 63. f7 Kh1 64. f8=Q Kh2 65. Qh6# 1-0

[Variant "Standard"]
[Site "Europe Echecs"]

[Event "Championnat du monde jeunes U12F"]
[Date "2024.11.26"]
[White "Ribreau, Anna"]
[Black "Anu, Bayart-Uchral"]
[WhiteElo "1726"]
[BlackElo "1624"]
[Round "11.30"]
[Result "1/2-1/2"]
[TimeControl "5400+30"]

1. c4 e5 2. g3 Nf6 3. Bg2 Nc6 4. Nc3 Be7 5. Nf3 O-O 6. O-O d6 7. d3 Be6 8. Rb1 Ne8 9. b4 Qd7 10. b5 Nd8 11. Ng5 Bxg5 12. Bxg5 f6 13. Bd2 Bh3 14. Qb3 Bxg2 15. Kxg2 Ne6 16. Be3 f5 17. f4 Kh8 18. Kh1 Nf6 19. fxe5 dxe5 20. Nd5 f4 21. gxf4 Nxd5 22. cxd5 Nxf4 23. Bxf4 exf4 24. Qc4 Qd6 25. Rb4 Rae8 26. Rxf4 Rxe2 27. Rxf8+ Qxf8 28. Qf4 Qc5 29.
Re4 Rxe4 30. dxe4 h6 31. a4 Qd4 32. Qf8+ Kh7 33. Qf5+ Kh8 34. Qc8+ Kh7 35. Qxb7 Qxe4+ 36. Kg1 Qe1+ 37. Kg2 Qe2+ 38.
Kg3 Qe3+ 39. Kg2 Qe2+ 40. Kg3 Qe3+ 41.
Kg2 Qe2+ 42. Kg3 1/2-1/2

[Variant "Standard"]
[Site "Europe Echecs"]

[Event "Championnat du monde jeunes U12F"]
[Date "2024.11.26"]
[White "Tsinjoviniavo, Aina Mahasambatra"]
[Black "Ordonez Alarcon, Daniela"]
[WhiteElo "1716"]
[BlackElo "1606"]
[Round "11.31"]
[Result "0-1"]
[TimeControl "5400+30"]

1. e4 e5 2. Nf3 Nc6 3. Bb5 a6 4. Ba4 Nf6 5. O-O Nxe4 6. Re1 Nc5 7. Bxc6 dxc6 8. d4 Ne6 9. Rxe5 Bd6 10. Re4 O-O 11. Nc3 Re8 12. d5 cxd5 13. Qxd5 h6 14. Qh5 Qf6 15. Nd5 Qg6 16. Qxg6 fxg6 17. Nf4 Kf7 18. Ne5+ Bxe5 19. Rxe5 Nxf4 20. Bxf4 Rxe5 21. Bxe5 c6 22. Rd1 Bf5 23. c3 Re8 24. f4 g5 25. Kf2 gxf4 26. Bxf4 Bg4 27. Rd2 Be6 28. a3 Bd5 29. Rd4 Re4 30. g3 Rxd4 31. cxd4 g5 32. Bc7 Ke7 33. Ke3 h5 34. Kd3 Kd7 35. Ke3 Kxc7 36. h4 gxh4 37. gxh4 Kd6 38. Kf4 c5 39. dxc5+ Kxc5 40. Kg5 Bf3 0-1

[Variant "Standard"]
[Site "Europe Echecs"]

[Event "Championnat du monde jeunes U12F"]
[Date "2024.11.26"]
[White "Potikha, Shelley"]
[Black "Muradova, Nebahat"]
[WhiteElo "1561"]
[BlackElo "1626"]
[Round "11.32"]
[Result "1-0"]
[TimeControl "5400+30"]

1. e4 e6 2. d3 d5 3. Nd2 Nd7 4. Ngf3 dxe4 5. dxe4 Bc5 6. g3 b6 7. Bg2 Bb7 8. O-O Ngf6 9. Qe2 O-O 10. e5 Nd5 11. Ne4 a5 12. Bg5 Be7 13. Bxe7 Qxe7 14. a3 b5 15. Rfe1 Ba6 16. Qd2 N7b6 17. b3 a4 18. Nc3 Rad8 19. Nd4 Qc5 20. Ne4 Nc4 21. bxc4 Qxc4 22. Qd3 Qxd3 23. cxd3 Ne7 24. Nc2 1-0

[Variant "Standard"]
[Site "Europe Echecs"]

[Event "Championnat du monde jeunes U12F"]
[Date "2024.11.26"]
[White "Jacome Revelo, Daniela Alexandra"]
[Black "Li, Yeeshuen"]
[WhiteElo "1764"]
[BlackElo "1546"]
[Round "11.33"]
[Result "1-0"]
[TimeControl "5400+30"]

1. e4 d5 2. exd5 Nf6 3. c4 c6 4. dxc6 Nxc6 5. h3 Bf5 6. Nf3 e6 7. d4 Bb4+ 8. Bd2 Qa5 9. Bxb4 Nxb4 10. Na3 Nc2+ 11. Ke2 Nxa1 12. Qxa1 O-O-O 13. Qd1 Ne4 14. Qb3 Rd6 15. c5 Rd7 16. g4 Bg6 17. Bg2 Rhd8 18. Rd1 e5 19. Nc4 Qa6 20. Nxe5 Rxd4 21. Rxd4 Rxd4 22. Ke3 Rxc4 23. Qxc4 Qxc4 24. Nxc4 Nxc5 25. Nd6+ Kc7 26. Ne8+ Kb6 27. Nxg7 Nd3 28. f4 f6 29. f5 Bxf5 30. gxf5 Nxb2 31. Ne8 Nc4+ 32. Kd4 Ne5 33. Nxf6 Nc6+ 34. Bxc6 bxc6 35. Ne4 Kc7 36. f6 Kd7 37. f7 Ke6 38. f8=Q c5+ 39. Nxc5# 1-0

[Variant "Standard"]
[Site "Europe Echecs"]

[Event "Championnat du monde jeunes U12F"]
[Date "2024.11.26"]
[White "Radenkovic, Lena"]
[Black "Moscovitch, Shelly"]
[WhiteElo "1675"]
[BlackElo "1552"]
[Round "11.34"]
[Result "1-0"]
[TimeControl "5400+30"]

1. Nf3 d5 2. g3 Nd7 3. Bg2 e5 4. d3 Ngf6 5. Nbd2 Bc5 6. O-O e4 7. Nh4 e3 8. Ndf3 exf2+ 9. Kh1 O-O 10. d4 Bd6 11. Nf5 Nb6 12. Nxd6 Qxd6 13. Bf4 Qe7 14. Bg5 h6 15. Bxf6 Qxf6 16. Rxf2 Nc4 17. b3 Ne3 18. Qd2 Re8 19. Kg1 Nxg2 20. Kxg2 Be6 21. Kg1 Qe7 22. Ne5 Rad8 23. Qd3 c6 24. c3 Qc7 25. Re1 c5 26. Ref1 Rf8 27. g4 Rc8 28. Qe3 cxd4 29. cxd4 Qc2 30. Rg2 f6 31. Nd3 Rfe8 32. Qg3 Qxa2 33. h4 Qa5 34. g5 Qc7 35. gxf6 Qxg3 36. Rxg3 Rc7 37. Re3 Bf7 38. Ne5 gxf6 39. Rxf6 Kg7 40. Rf2 Ree7 41. Rg3+ Kh7 42. Rfg2 Be6 43. Ng6 Rf7 44. h5 Rc1+ 45. Kh2 Rff1 46. Rg1 Rf2+ 47. R3g2 Rxg2+ 48. Rxg2 Rd1 49. Nf8+ Kh8 50. Nxe6 Rb1 51.
Rg3 Rb2 52. Nf4 Rd2 53. Rd3 Rb2 54.
Nxd5 Rxe2+ 55. Kg3 1-0

[Variant "Standard"]
[Site "Europe Echecs"]

[Event "Championnat du monde jeunes U12F"]
[Date "2024.11.26"]
[White "Stepankova, Linda"]
[Black "Hiznicenco, Valeria"]
[WhiteElo "1624"]
[BlackElo "1513"]
[Round "11.35"]
[Result "1-0"]
[TimeControl "5400+30"]

1. d4 Nf6 2. c4 g6 3. Nc3 d5 4. Bd2 Bg7 5. cxd5 Nxd5 6. e4 Nxc3 7. Bxc3 O-O 8. Nf3 b6 9. Bd3 Bb7 10. O-O Nd7 11. Re1 e6 12. Bc4 Re8 13. Qb3 c5 14. d5 exd5 15. Bxd5 Bxd5 16. exd5 Nf6 17. Rxe8+ Qxe8 18. Re1 Qd7 19. Rd1 Rd8 20. Ne5 Qd6 21. Nc6 Ra8 22. Be5 Qd7 23. Qf3 Ne8 24. Bxg7 Nxg7 25. d6 Re8 26. Ne7+ Kf8 27.
Qf6 a6 28. h4 b5 29. h5 gxh5 30. Qh6 Rd8 31. Qxh7 f6 32. Re1 Kf7 33. Qg6+ Kf8 34. Qxf6+ Ke8 35. Qxg7 Qxd6 36. Nf5+ Qe7 37. Qxe7# 1-0

[Variant "Standard"]
[Site "Europe Echecs"]

[Event "Championnat du monde jeunes U12F"]
[Date "2024.11.26"]
[White "Budhram, Kaylee"]
[Black "Istratova, Nika"]
[WhiteElo "1614"]
[BlackElo "1473"]
[Round "11.36"]
[Result "1/2-1/2"]
[TimeControl "5400+30"]

1. d4 d5 2. c4 e6 3. Nf3 Nf6 4. g3 Be7 5. Bg2 c6 6. O-O O-O 7. Qc2 b6 8. Rd1 Bb7 9. Bf4 Bd6 10. Ne5 Qc7 11. Nc3 dxc4 12. a4 Nbd7 13. Nxd7 Qxd7 14. Bxd6 Qxd6 15. a5 Ba6 16. Ne4 Nxe4 17. Bxe4 g6 18. e3 b5 19. b3 Rac8 20. Bg2 Qb4 21. bxc4 Qxc4 22. Qxc4 bxc4 23. Bf1 c5 24. d5 exd5 25. Rxd5 Rfe8 26. Rd7 Ra8 27. Bg2 Red8 28. Rad1 Rxd7 29. Rxd7 Rb8 30. Be4 c3 31. Rxa7 Rb4 32. Bc2 Bc4 33. Rc7 Bb3 34. Bxb3 Rxb3 35. Rxc5 Ra3 36. Kg2 Kf8 37. Kf3 Ke7 38. a6 c2 39. Rxc2 Rxa6 40. Rc7+ Kf6 41. h4 h5 42. Kf4 Ra5 43. e4 Ra4 44. f3 Kg7 45. Kg5 Ra5+ 46. Kf4 Ra4 47. g4 Kf6 48. gxh5 gxh5 49. Rc5 Kg6 50. Rg5+ Kh6 51. Kf5 Ra5+ 1/2-1/2

[Variant "Standard"]
[Site "Europe Echecs"]

[Event "Championnat du monde jeunes U12F"]
[Date "2024.11.26"]
[White "Laurincova, Timea"]
[Black "Dzafic, Merjem"]
[WhiteElo "1549"]
[BlackElo "1568"]
[Round "11.38"]
[Result "1-0"]
[TimeControl "5400+30"]

1. e4 c6 2. d4 d5 3. exd5 cxd5 4. Bd3 Nf6 5. h3 Nc6 6. c3 e5 7. dxe5 Nxe5 8. Nf3 Nxd3+ 9. Qxd3 h6 10. O-O Be7 11. Nbd2 O-O 12. Re1 Bd7 13. Nb3 Rc8 14. Bf4 Re8 15. Re3 Qb6 16. Rae1 Bd6 17. Rxe8+ Rxe8 18. Rxe8+ Bxe8 19. Bxd6 Qxd6 20. Qd4 Qa6 21. a3 Qc4 22. Nbd2 Qxd4 23. Nxd4 Bd7 24. Kf1 Kf8 25. Ke2 Ke7 26. Ke3 g5 27. N4b3 b6 28. Kd4 Kd6 29. Nc1 Nh5 30. Nd3 f6 31. Nf3 Bb5 32. Nfe1 Ng7 33. g4 Ne6+ 34. Ke3 Bxd3 35. Nxd3 Nc5 36. f3 Nxd3 37. Kxd3 Ke5 38. Ke3 b5 39. b3 f5 40. gxf5 Kxf5 41. Kd4 Kf4 42. Kxd5 Kxf3 43. c4 bxc4 44. bxc4 Kg3 45. c5 Kxh3 46. c6 g4 47. c7 g3 48. c8=Q+ Kh2 49. Qh8 g2 50. Qxh6+ Kg3 51. Qe3+ Kh2 52. Qf2 Kh3 53. Qg1 Kg3 54. Ke4 Kh3 55. Kf3 Kh4 56. Qxg2 Kh5 57. Kf4 Kh6 58. Qg8 Kh5 59. Qg5# 1-0

[Variant "Standard"]
[Site "Europe Echecs"]

[Event "Championnat du monde jeunes U12F"]
[Date "2024.11.26"]
[White "Groselj, Mirjam"]
[Black "Mrad, Anahid"]
[WhiteElo "1470"]
[BlackElo "1558"]
[Round "11.39"]
[Result "0-1"]
[TimeControl "5400+30"]

1. e4 e5 2. Nf3 Nc6 3. Bc4 Nf6 4. d3 Bc5 5. c3 d6 6. O-O O-O 7. h3 Be6 8. Bb3 a6 9. Bg5 h6 10. Bh4 Bxb3 11. axb3 Qe7 12. Nbd2 Qe6 13. Re1 Nh5 14. Nd4 Qg6 15. Nxc6 bxc6 16. Kh1 Nf4 17. Bg3 Bxf2 18. Qf3 Qxg3 19. Qxg3 Bxg3 20. Re3 Bf2 21. Rf3 Bb6 22. d4 f5 23. dxe5 dxe5 24. exf5 Rxf5 25. Re1 Re8 26. Rff1 Nd3 27. Rxf5 Nxe1 28. Rf1 Nd3 29. Rb1 e4 30. Nc4 e3 31. Kh2 e2 0-1

[Variant "Standard"]
[Site "Europe Echecs"]

[Event "Championnat du monde jeunes U12F"]
[Date "2024.11.26"]
[White "Xu, Melissa"]
[Black "Yang, Hayeon"]
[WhiteElo "1731"]
[BlackElo "1482"]
[Round "11.40"]
[Result "1-0"]
[TimeControl "5400+30"]

1. e4 e5 2. Nf3 Nc6 3. Bc4 Bc5 4. d3 h6 5. c3 Nf6 6. b4 Bb6 7. a4 a6 8. Qb3 O-O 9. O-O d6 10. Nbd2 Ne7 11. Bb2 Ng6 12. d4 c6 13. Bd3 Be6 14. Qc2 Nh5 15. c4 exd4 16. Nxd4 Nhf4 17. Nxe6 fxe6 18. Nf3 Nh4 19. Nxh4 Qxh4 20. Be2 Qg5 21. Bf3 Ng6 22. Kh1 Ne5 23. Bxe5 Qxe5 24.
a5 Bc7 25. Ra3 Rf7 26. g3 Raf8 27. Bg2 d5 28. f4 Qd6 29. c5 Qd7 30. exd5 cxd5 31. Re1 Re7 32. Bh3 Qc6 33. Qa2 Kh8 34. Rd3 Rfe8 35. Rd2 e5 36. Bg2 Qb5 37. Bxd5 exf4 38. Rxe7 Rxe7 39. Bc4 Qxb4 40. Re2 Qxc5 41. Be6 fxg3 42. hxg3
Qxa5 43. Qc2 Bxg3 44.
Qc8+ Kh7 45. Bf5+ Qxf5 46. Qxf5+ Kg8 47.
Rxe7 1-0

[Variant "Standard"]
[Site "Europe Echecs"]

[Event "Championnat du monde jeunes U12F"]
[Date "2024.11.26"]
[White "Petrusic, Dusica"]
[Black "Ivanova, Gabriela"]
[WhiteElo "1498"]
[BlackElo "1680"]
[Round "11.41"]
[Result "1/2-1/2"]
[TimeControl "5400+30"]

1. e4 c6 2. d4 d5 3. Nd2 dxe4 4. Nxe4 Bf5 5. Ng3 Bg6 6. f4 h6 7. f5 Bh7 8. Nf3 Nd7 9. Bd3 Ngf6 10. O-O Qb6 11. Kh1 O-O-O 12. Re1 Nd5 13. c3 N7f6 14. Ne5 Bg8 15. a4 Qc7 16. Qb3 e6 17. fxe6 fxe6 18. Ng6 Rh7 19. Nxf8 Rxf8 20. Bxh7 Nxh7 21. c4 Ndf6 22. Be3 Ng4 23. Rf1 h5 24. Rxf8+ Nxf8 25. Bg5 Nh7 26. Bh4 g5 27. Bxg5 Nxg5 28. Rf1 Bf7 29. h3 h4 30. hxg4 hxg3 31. Kg1 1/2-1/2

[Variant "Standard"]
[Site "Europe Echecs"]

[Event "Championnat du monde jeunes U12F"]
[Date "2024.11.26"]
[White "Jung, Minju"]
[Black "Chen, Pin-I"]
[WhiteElo "1457"]
[BlackElo "1601"]
[Round "11.42"]
[Result "0-1"]
[TimeControl "5400+30"]

1. e4 c6 2. d4 d5 3. exd5 cxd5 4. Bd3 Nc6 5. c3 Qc7 6. Be3 Nf6 7. Nd2 e6 8. Ngf3 Bd6 9. h3 Bd7 10. O-O O-O 11. Qc2 Rac8 12. Qd1 h6 13. Re1 Na5 14. Ne5 b5 15. Rc1 Nc4 16. Bxc4 dxc4 17. Ndf3 Nd5 18. Qc2 Be8 19. Bd2 Qd8 20. Qe4 Qf6 21. Qg4 Ne7 22. Nh4 Nf5 23. Nxf5 exf5 24. Qf3 Bxe5 25. Rxe5 Bd7 26. Rce1 Rfe8 27. Rxe8+ Rxe8 28. Rxe8+ Bxe8 29. Qa8 Qe7 30. Kf1 Kh7 31. Be3 f6 32. d5 Qe4 33. Qd8 Qd3+ 34. Ke1 Bh5 35. f3 Qxe3+ 36. Kf1 Qd3+ 37. Kg1 Qe3+ 38. Kf1 Qc1+ 39. Kf2 Qxb2+ 40. Kg1 Qxc3 41. d6 Qd4+ 42. Kh1 c3 43. d7 c2 44. Qc8 Qd1+ 45. Kh2 c1=Q 46. Qxc1 Qxd7 47. Qb1 Bf7 48. a3 a5 49. Kg3 Bc4 50. Kh2 Bd3 51. Qd1 Qd6+ 52. Kh1 Qxa3 53. Qd2 b4 54. Kh2 Qc3 55. Qa2 b3 56. Qa3 Qe5+ 57. Kh1 Bc2 58. Qc1 Qc3 59. Kh2 b2 60. Qf4 Qe5 61. Qxe5 fxe5 62. Kg3 b1=Q 63. h4 Qe1+ 64. Kh3 f4 65. Kh2 Qg3+ 66. Kg1 e4 67. fxe4 f3 68. Kf1 Qxg2+ 69. Ke1 Qe2# 0-1

[Variant "Standard"]
[Site "Europe Echecs"]